 Dungeon Crawl Stone Soup version 0.17-a0-1468-gbf503c2 (webtiles) character file.

172 patman the Cudgeler (level 5, -1/38 HPs)
             Began as a Mummy Gladiator on July 1, 2015.
             Was an Initiate of Gozag.
             Slain by patman's ghost (10 damage)
             ... on level 3 of the Dungeon.
             The game lasted 00:04:46 (2368 turns).

patman the Cudgeler (Mummy Gladiator)               Turns: 2368, Time: 00:04:46

Health: -1/38      AC: 11    Str: 18    XL:     5   Next: 27%
Magic:  5/5        EV:  6    Int:  9    God:    Gozag
Gold:   440        SH:  0    Dex: 12    Spells: 0 memorised, 4 levels left

rFire  x . .     SeeInvis +     a - +1 flail (protect)
rCold  + . .     Clarity  .     h - +0 ring mail
rNeg   + + +     SustAt   .     (no shield)
rPois  ∞         Gourm    .     c - +0 helmet
rElec  .         Spirit   .     (no cloak)
rCorr  .         Warding  .     (no gloves)
rMut   .         Stasis   .     (no boots)
MR     .....                    (no amulet)
Stlth  +.........               k - ring of see invisible
                                g - ring of wizardry

@: not resistant to hostile enchantments, very unstealthy
A: no food or potions, fire vulnerability, cold resistance 1, negative energy
resistance 3, torment resistance, unbreathing
a: Potion Petition, Call Merchant, Bribe Branch, Renounce Religion


You were on level 3 of the Dungeon.
You worshipped Gozag.
Gozag was noncommittal.
You were not hungry.

You visited 1 branch of the dungeon, and saw 3 of its levels.

You collected 481 gold pieces.
You paid 41 gold pieces to Gozag.

Inventory:

Hand weapons
 a - a +1 flail of protection (weapon)
 r - a +0 flail
Missiles
 d - 3 throwing nets (quivered)
 m - 16 poisoned needles
Armour
 c - a +0 helmet (worn)
 h - a +0 ring mail (worn)
Jewellery
 g - a ring of wizardry (left hand)
 k - a ring of see invisible (right hand)
Scrolls
 b - a scroll of magic mapping
 e - 2 scrolls of amnesia {unknown}
 f - a scroll of teleportation
 i - a scroll of random uselessness
 j - a scroll of remove curse {unknown}
 l - a scroll of fear {unknown}
 n - a scroll of enchant armour {unknown}
 o - a scroll of enchant weapon {unknown}
 q - 3 scrolls of identify
Books
 p - a book of Burglary

   Spells                             Type                      Level
   a - Swiftness                      Charms/Air                   2
   b - Passwall                       Transmutation/Earth          3
   c - Passage of Golubria            Translocation                4
   d - Lee's Rapid Deconstruction     Earth                        5
   e - Invisibility                   Hexes                        6
   f - Darkness                       Hexes                        7


   Skills:
 - Level 2.0 Fighting
 + Level 5.0 Maces & Flails
 - Level 1.5 Throwing
 - Level 2.4 Dodging


You had 4 spell levels left.
You didn't know any spells.

Dungeon Overview and Level Annotations

Branches:
Dungeon (3/15)

Altars:
Gozag
Ru

Annotations:
D:3 patman's ghost, average TeMo


Innate Abilities, Weirdness & Mutations

You do not eat or drink.
Your flesh is vulnerable to fire.
You are immune to poison.
Your flesh is cold resistant.
You are immune to negative energy.
You are immune to unholy pain and torment.
You can survive without breathing.


Message History

Patman's ghost hits you.
You hit patman's ghost but do no damage.
Patman's ghost is lightly damaged.
Patman's ghost hits you but does no damage.
You sock patman's ghost!
Patman's ghost is heavily damaged.
Patman's ghost hits you!
You hit patman's ghost.
Patman's ghost is severely damaged.
Patman's ghost hits you.
You closely miss patman's ghost.
Patman's ghost is severely damaged.
Patman's ghost hits you but does no damage.
You closely miss patman's ghost.
Patman's ghost is severely damaged.
Patman's ghost hits you!
* * * LOW HITPOINT WARNING * * *
Patman's ghost hits you!
You die...
Your body crumbles into a pile of gold.

###..#######
#..........#
#.#..#####.######
................#
..#..#####.####.#####
###..#.###..........#
###.....#######.###.#
.........#
###.###.####
#####...##
#...@W.....#
##.######.#.###.##.#
#..........#
#..#####.#.## #..#
###....# #..#
#....#.# #..#
#......# #..#
#.###.## #..###.###$#


You could see patman's ghost.

Vanquished Creatures
  An orc priest (D:3)
  Terence (D:3)
  5 adders
  4 oozes
  A worm (D:3)
  A ball python (D:2)
  5 giant cockroaches
  5 goblins
  9 hobgoblins
  2 quokkas
  11 bats
  3 giant geckos
  2 giant newts
  5 kobolds
  3 rats
58 creatures vanquished.

Notes
Turn   | Place    | Note
--------------------------------------------------------------
     0 | D:1      | patman the Mummy Gladiator began the quest for the Orb.
     0 | D:1      | Reached XP level 1. HP: 16/16 MP: 1/1
   335 | D:1      | Reached skill level 3 in Maces & Flails
   335 | D:1      | Reached XP level 2. HP: 19/22 MP: 2/2
   655 | D:2      | Found an opulent altar of Gozag.
   681 | D:2      | Became a worshipper of Gozag Ym Sagoz the Greedy
   736 | D:2      | Reached XP level 3. HP: 23/27 MP: 3/3
  1094 | D:3      | Reached skill level 4 in Maces & Flails
  1121 | D:3      | Reached XP level 4. HP: 20/33 MP: 4/4
  1335 | D:3      | Noticed Terence
  1359 | D:3      | Killed Terence
  1569 | D:3      | Reached XP level 5. HP: 38/38 MP: 5/5
  1885 | D:3      | Found a sacrificial altar of Ru.
  2092 | D:3      | Reached skill level 5 in Maces & Flails
  2109 | D:3      | Noticed patman's ghost (average TeMo)
  2368 | D:3      | Slain by patman's ghost

Vault maps used:
D:1:      lightli_arrival_chessboard
D:2:      grunt_gozag_statues
D:3:      nicolae_ru_the_path_less_chosen, first_bread, uniq_terence

Action                   |  1- 3 |  4- 6 || total
-------------------------+-------+-------++-------
Melee: Flail             |   114 |   125 ||   239
  Use: Scroll            |     3 |       ||     3
 Stab: Distracted        |       |     2 ||     2
